 Dungeon Crawl Stone Soup version 0.27.1-4-g1640c2035a (webtiles) character file.

Game seed: 16046312537842380192

156951 bearlyready the Slayer (level 17, -18/211 HPs)
             Began as an Ogre Gladiator on Nov 15, 2021.
             Was an Elder of Ashenzari.
             Demolished by a bunyip (21 damage)
             ... called by a spriggan druid
             ... on level 2 of the Swamp on Nov 16, 2021.
             The game lasted 01:30:15 (47825 turns).

bearlyready the Slayer (Ogre Gladiator)            Turns: 47825, Time: 01:30:16

Health: -18/211    AC: 18    Str: 27    XL:     17   Next: 68%
Magic:  18/18      EV: 12    Int:  9    God:    Ashenzari [****..]
Gold:   2505       SH:  0    Dex: 10    Spells: 17/20 levels left

rFire    . . .     SeeInvis +   J - +9 giant spiked club (spect)
rCold    + . .     Faith    +   (shield currently unavailable)
rNeg     . . .     Spirit   .   b - +0 swamp dragon scales of the Unyielding Gaze {rPois, Fort, Evo} (curse)
rPois    +         Reflect  .   c - +0 hat of Ashenzari's Visionary {Comp, Melee} (curse)
rElec    .         Harm     .   u - +2 cloak of Ashenzari's Henotheism {Cun, Self} (curse)
rCorr    .         Rampage  .   (gloves unavailable)
Will     +....     Clarity  +   (boots unavailable)
Stlth    +.........             W - amulet "Sidereal Idealism" {Faith, Comp, Range} (curse)
HPRegen  0.45/turn              y - +4 ring of slaying
MPRegen  0.16/turn              d - ring of the Sublime Mistrust {AC+4, Fort, Melee} (curse)

@: studying Fighting
A: large, unfitting armour, tough skin 1, hooves 1, cold resistance 1, low mp 1
a: Renounce Religion, Curse Item, Shatter the Chains


You were on level 2 of the Swamp.
You worshipped Ashenzari.
Ashenzari was greatly pleased with you.
You visited 5 branches of the dungeon, and saw 27 of its levels.
You also visited: Volcano.

You collected 3282 gold pieces.
You spent 777 gold pieces at shops.

Inventory:

Hand Weapons
 J - a +9 spectral giant spiked club (weapon)
Missiles
 a - 2 throwing nets
 D - 9 boomerangs of dispersal
 F - 49 poisoned darts
 G - 18 boomerangs (quivered)
 H - 10 datura-tipped darts
 Q - 6 javelins
 Y - 25 large rocks
Armour
 b - the cursed +0 swamp dragon scales of the Unyielding Gaze (worn) {rPois, Fort, Evo}
   (You took it off Maggie on level 6 of the Dungeon)

   rPois:     It protects you from poison.
   It has a curse which improves the following skills: Fortitude: Armour and
   Shields.
   Evocations: Evocations.
 c - the cursed +0 hat of Ashenzari's Visionary (worn) {Comp, Melee}

   It has a curse which improves the following skills: Companions: Summonings
   and Necromancy.
   Melee Combat: Short Blades, Long Blades, Axes, Maces & Flails, Polearms,
   Staves and Unarmed Combat.
 u - the cursed +2 cloak of Ashenzari's Henotheism (worn) {Cun, Self}
   (You found it on level 6 of the Dungeon)

   It has a curse which improves the following skills: Cunning: Dodging and
   Stealth.
   Introspection: Fighting and Spellcasting.
Jewellery
 d - the cursed ring of the Sublime Mistrust (right hand) {AC+4, Fort, Melee}
   (You took it off a kobold demonologist on level 11 of the Dungeon)

   [ring of protection]

   AC:        It affects your AC (+4).
   It has a curse which improves the following skills: Fortitude: Armour and
   Shields.
   Melee Combat: Short Blades, Long Blades, Axes, Maces & Flails, Polearms,
   Staves and Unarmed Combat.
 y - a +4 ring of slaying (left hand)
 L - an amulet of magic regeneration
 N - the ring "Zokhlacvi" {rPois Will+ rCorr}
   (You found it on level 10 of the Dungeon)

   [ring of resist corrosion]

   rPois:     It protects you from poison.
   rCorr:     It protects you from acid and corrosion.
   Will:      It increases your willpower.
 V - the ring of the Omega Point {rCorr AC+4 Stlth+}
   (You found it on level 6 of the Lair of Beasts)

   [ring of protection]

   AC:        It affects your AC (+4).
   rCorr:     It protects you from acid and corrosion.
   Stlth:     It makes you more stealthy.
 W - the cursed amulet "Sidereal Idealism" (around neck) {Faith, Comp, Range}
   (You found it on level 2 of the Lair of Beasts)

   [amulet of faith]

   It allows you to gain divine favour quickly.
   It has a curse which improves the following skills: Companions: Summonings
   and Necromancy.
   Ranged Combat: Slings, Bows, Crossbows and Throwing.
Wands
 f - a wand of mindburst (14)
 l - a wand of polymorph (12)
 E - a wand of paralysis (8)
 O - a wand of iceblast (6)
 S - a wand of digging (3)
 T - a wand of flame (34)
Scrolls
 e - 3 scrolls of enchant weapon
 g - 25 scrolls of identify
 h - 6 scrolls of fog
 j - 14 scrolls of teleportation
 k - 2 scrolls of immolation
 n - 3 scrolls of summoning
 o - 5 scrolls of amnesia
 A - 6 scrolls of magic mapping
 I - 3 scrolls of enchant armour
Potions
 i - 8 potions of flight
 m - 2 potions of ambrosia
 p - 3 potions of heal wounds
 q - 10 potions of curing
 r - 2 potions of magic
 t - 2 potions of mutation
 v - a potion of resistance
 w - 3 potions of lignification
 x - 2 potions of cancellation
 z - 2 potions of berserk rage
 C - 3 potions of brilliance
 K - 2 potions of might
 P - 5 potions of invisibility
Miscellaneous
 s - a phantom mirror
 B - a box of beasts
 M - a condenser vane
 Z - a tin of tremorstones (1/2)


   Skills:
 + Level 21.4(23.0) Fighting
 + Level 16.5(19.4) Maces & Flails
 + Level 9.2(11.4) Throwing
 + Level 6.0(9.6) Armour
 + Level 9.3(11.5) Dodging
 - Level 1.0(2.3) Spellcasting
 + Level 10.8(12.8) Evocations


You had 17 spell levels left.
You knew the following spells:

 Your Spells              Type           Power      Damage    Failure   Level
a - Swiftness             Air            1%         N/A       78%         3

Your spell library contained the following spells:

 Spells                   Type           Power      Damage    Failure   Level
 Summon Small Mammal      Summ           4%         N/A       34%         1
 Apportation              Tloc           2%         N/A       41%         1
 Corona                   Hex            1%         N/A       41%         1
 Sandblast                Erth           2%         2d4       41%         1
 Sublimation of Blood     Necr           0%         N/A       47%         2
 Blink                    Tloc           N/A        N/A       54%         2
 Ensorcelled Hibernation  Hex/Ice        2%         N/A       54%         2
 Passwall                 Tmut/Erth      0%         N/A       54%         2
 Slow                     Hex            1%         N/A       54%         2
 Static Discharge         Conj/Air       1%         N/A       54%         2
 Call Canine Familiar     Summ           1%         N/A       71%         3
 Vampiric Draining        Necr           0%         2d6       71%         3
 Summon Guardian Golem    Hex/Summ       1%         N/A       75%         3
 Confusing Touch          Hex            1%         N/A       78%         3
 Dazzling Flash           Conj/Hex       2%         N/A       78%         3
 Gell's Gravitas          Tloc           0%         N/A       78%         3
 Lesser Beckoning         Tloc           0%         N/A       78%         3
 Portal Projectile        Hex/Tloc       2%         N/A       78%         3
 Stone Arrow              Conj/Erth      2%         3d7       78%         3
 Teleport Other           Tloc           1%         N/A       78%         3
 Tukima's Dance           Hex            1%         N/A       78%         3
 Dispel Undead            Necr           1%         3d6       98%         4
 Summon Lightning Spire   Summ/Air       1%         N/A       98%         4
 Fulminant Prism          Conj/Hex       0%         3d6       99%         4
 Iskenderun's Mystic Bla  Conj/Tloc      1%         2d3       99%         4
 Passage of Golubria      Tloc           N/A        N/A       99%         4
 Petrify                  Tmut/Erth      1%         N/A       99%         4
 Sticky Flame             Conj/Fire      1%         2d3       99%         4
 Alistair's Intoxication  Tmut/Pois      0%         N/A       100%        5
 Blade Hands              Tmut           0%         N/A       100%        5
 Bolt of Magma            Conj/Fire/Erth 0%         4d4       100%        5
 Excruciating Wounds      Necr           0%         N/A       100%        5
 Irradiate                Conj/Tmut      0%         3d13      100%        5
 Lee's Rapid Deconstruct  Erth           0%         3d5*      100%        5
 Manifold Assault         Tloc           1%         N/A       100%        5
 Silence                  Hex/Air        0%         N/A       100%        5
 Dispersal                Tloc           0%         N/A       100%        6
 Invisibility             Hex            0%         N/A       100%        6
 Starburst                Conj/Fire      0%         6d3       100%        6
 Statue Form              Tmut/Erth      0%         N/A       100%        6
 Dragon Form              Tmut           0%         N/A       100%        7
 Storm Form               Tmut/Air       0%         N/A       100%        7
 Disjunction              Tloc           0%         N/A       100%        8
 Lehudib's Crystal Spear  Conj/Erth      0%         10d2      100%        8
 Maxwell's Capacitive Co  Air            0%         ∞         100%        8
 Shatter                  Erth           0%         3d5*      100%        9


Dungeon Overview and Level Annotations

Branches:
Dungeon (15/15)            Temple (1/1) D:4            Lair (6/6) D:11
  Swamp (3/4) Lair:2        Snake (0/4) Lair:4        Slime (0/5) Lair:5
    Orc (2/2) D:10            Elf (0/3) Orc:2        Vaults (0/5) D:14
 Depths (0/5) D:15        Volcano (visited)

Altars:
Ashenzari
Cheibriados
Dithmenos
Elyvilon
Fedhas
Gozag
Hepliaklqana
Kikubaaqudgha
Makhleb
Nemelex Xobeh
Okawaru
Qazlal
Ru
Sif Muna
Trog
Uskayaw
Vehumet
Wu Jian
Xom
Yredelemnul
Zin
The Shining One
Jiyva

Shops:
D:6 :   D:10 :   D:11 ?   D:12 !   Orc:2 =([

Annotations:
Lair:5 1 runed translucent door


Innate Abilities, Weirdness & Mutations

You are too large for most types of armour.
You have tough skin. (AC +1)
You have large cloven feet.
Your flesh is cold resistant. (rC+)
Your magical capacity is low. (-10% MP)


Message History

The spriggan druid hits you but does no damage.
You pound the spriggan druid like an anvil!!!
With its final breath, the spriggan druid offers up its power to the beasts of the wild!
The swamp worm seems to grow more fierce. x2
The bunyip seems to grow more fierce.
You kill the spriggan druid!
The swamp worm bites you!
An alligator comes into view.
You miss the swamp worm. Your kick misses the swamp worm.
Your +9 spectral giant spiked club barely misses the swamp worm.
The swamp worm fires a harpoon shot at you.
The harpoon shot hits you!
You are yanked forward by the harpoon shot.
The swamp worm bites you! The swamp worm barely misses you.
There is a stone staircase leading up, spattered with blood here.
The swamp worm bites you! x2; The bunyip barely misses you.
The bunyip claws you!!
* * * LOW HITPOINT WARNING * * *
The bunyip claws you!!
* * * LOW HITPOINT WARNING * * *
You climb upwards.
There is a stone staircase leading down here.
Okay, then.
You feel much better. The swamp worm bites you!!
* * * LOW HITPOINT WARNING * * *
The swamp worm bites you but does no damage.
The swamp worm fires a harpoon shot at you.
The harpoon shot hits you but does no damage.
The bunyip howls a warning cry!
There is a shaft here.
The swamp worm falls through a shaft!
The shaft crumbles and collapses.
Aiming: Paralyse
Press: ? - help, Shift-Dir - straight line, f - bunyip
Aim: a bunyip (sparse dust, strong, chance to affect: 43%)
The bunyip resists with some effort.
The bunyip misses you. The bunyip claws you!!
* * * LOW HITPOINT WARNING * * *
The bunyip claws you!!
You die...

♣♣♣ ♣♣♣.≈≈≈≈.≈♣..≈≈....♣.≈≈≈..≈♣♣
..♣ ♣♣..≈≈§≈≈≈≈≈≈≈§≈.♣♣♣.≈≈:..♣♣♣
≈.♣ ♣.≈.≈≈≈≈≈≈≈≈≈≈≈§.♣♣♣≈....♣≈.≈
.♣♣ ♣.≈≈..≈≈≈..≈)≈≈≈.♣♣).♣♣♣≈≈≈≈.
♣♣ ♣♣.....≈....>)≈≈.♣♣≈..≈.(≈≈≈.
♣♣♣♣♣≈≈≈≈..≈♣≈..†.≈.♣♣≈..≈)..≈≈≈≈
♣≈...≈§≈≈≈≈≈♣♣≈≈w≈..♣.♣♣♣♣♣..≈≈≈.
♣♣...§≈≈≈§≈)♣♣♣.x≈≈.♣.♣.).♣♣♣♣♣♣.
♣♣♣≈).≈≈≈≈≈≈≈♣♣≈@≈≈≈.♣♣...♣.♣♣♣.)
♣♣..≈≈≈≈≈≈≈≈.≈.≈.≈≈≈§♣♣♣.♣♣...)))
♣♣.≈≈≈≈≈†§≈≈.♣♣♣.≈≈≈.♣♣..........
♣♣♣..<≈≈≈.≈≈.♣♣♣♣.≈§.♣♣.......♣♣♣
♣♣♣.≈≈≈≈§..≈.♣♣♣♣♣≈.♣♣........♣♣♣
♣ ♣♣.≈≈...≈.♣♣ ♣♣♣♣♣♣♣.♣♣......♣♣
♣♣♣♣♣♣♣♣♣♣ ♣♣..♣♣.♣♣.♣♣♣
♣♣..♣...♣.... ♣..♣...♣....


You could see a bunyip (strong) and a swamp worm (strong).

Vanquished Creatures
  A tentacled monstrosity (Swamp:2)
  A thorn hunter (Lair:2)
  Kirke (D:12)
  Roxanne (D:14)
  An orc warlord (Orc:2)
  3 ghouls (Lair:2)
  A dire elephant (Lair:4)
  A bunyip (Swamp:2)
  An eleionoma (Swamp:2)
  An ettin (D:15)
  2 fire dragons
  3 vault guards (D:14)
  An anaconda (Lair:6)
  15 hydras
  An ogre mage (D:10)
  4 boulder beetles
  2 ghost crabs
  A death knight (D:13)
  2 catoblepae
  6 two-headed ogres
  6 death yaks
  8 centaur warriors
  4 orc high priests (Orc:2)
  A two-headed ogre (shapeshifter) (D:13)
  3 tengu warriors
  A hell knight (Volcano)
  A fire crab (shapeshifter) (D:14)
  3 skeletal warriors
  2 goliath frogs (Swamp:1)
  A fire crab (Lair:4)
  A deep troll (D:15)
  3 swamp dragons
  Pikel (D:5)
  6 spriggan druids
  2 bog bodies (Swamp:1)
  A lindwurm (Lair:6)
  3 wizards
  A deep elf zephyrmancer (D:13)
  3 necromancers (D:14)
  2 deep elf pyromancers
  A wolf spider (D:12)
  5 orc knights
  3 oklob plants (Lair:2)
  5 orc sorcerers (Orc:2)
  9 ugly things
  6 cyclopes
  7 manticores
  20 elephants
  A guardian serpent (shapeshifter) (D:15)
  A smoke demon (Volcano)
  8 black mambas
  Maggie (D:6)
  6 gargoyles
  13 cane toads
  4 molten gargoyles
  2 torpor snails (Lair:3)
  An unseen horror (D:12)
  A freezing wraith (D:15)
  13 komodo dragons
  Psyche (D:10)
  3 efreet
  2 kobold demonologists (D:11)
  5 rime drakes
  2 yaktaurs
  A meliai (shapeshifter) (D:15)
  4 trolls
  A red devil (Volcano)
  A bloated husk (Swamp:1)
  4 meliai
  6 hornets
  6 tyrant leeches
  4 polar bears
  10 blink frogs
  6 slime creatures
  The ghost of Moogle the Covert, an amateur OpBr (D:4)
  15 dream sheep
  Sigmund (D:4)
  2 shadows
  A centaur simulacrum (D:13)
  10 spriggans
  A spriggan (shapeshifter) (D:13)
  7 wyverns
  2 fire bats (Volcano)
  2 wraiths
  4 hogs (D:12)
  17 humans
  7 basilisks
  53 yaks
  A water elemental (D:15)
  Grum (Lair:1)
  4 steam dragons
  13 vampire mosquitoes
  Menkaure (D:7)
  10 swamp worms
  2 wargs
  4 acid dragons
  19 water moccasins
  5 hell hounds
  An ice beast (D:5)
  5 swamp drakes (Swamp:2)
  A meliai simulacrum (D:14)
  28 orc warriors
  6 necrophages
  5 black bears
  5 ogres
  14 wolves
  13 centaurs
  4 phantoms
  A lemure (D:4)
  Blork the orc (D:6)
  2 kobold brigands
  4 scorpions
  18 bullfrogs
  2 gnoll sergeants
  8 killer bees
  7 howler monkeys
  2 wights (D:9)
  2 electric eels
  2 bullfrog zombies (D:5)
  9 lava snakes
  2 hounds
  A human zombie (D:9)
  35 orc priests
  8 centaur zombies
  Crazy Yiuf (D:5)
  2 gnoll shamans
  3 iguanas
  Terence (D:3)
  28 orc wizards
  A killer bee zombie (D:9)
  A hound skeleton (D:5)
  A mummy (D:9)
  11 gnolls
  A howler monkey skeleton (D:7)
  6 adders
  3 ufetubi
  3 adder skeletons (D:4)
  2 worms
  3 dart slugs
  110 orcs
  10 ball pythons
  5 bats
  9 endoplasms
  2 giant cockroaches
  5 goblins
  6 hobgoblins
  4 jackals
  2 quokkas (D:3)
  A frilled lizard (D:3)
  12 kobolds
  4 rats (D:1)
  9 briar patches (Swamp:1)
880 creatures vanquished.

Vanquished Creatures (collateral kills)
  A bunyip (Swamp:1)
  A centaur warrior (D:15)
  A goliath frog (Swamp:1)
  A skeletal warrior (D:12)
  An orc knight (D:13)
  A deep elf zephyrmancer (D:15)
  A manticore (D:15)
  3 tyrant leeches (Swamp:1)
  A blink frog (shapeshifter) (D:15)
  An orc priest (Orc:2)
12 creatures vanquished.

Vanquished Creatures (others)
  A bloated husk (Swamp:2)
  18 fungi
  32 plants
51 creatures vanquished.

Grand Total: 943 creatures vanquished

Notes
Turn   | Place    | Note
-------+----------+-------------------------------------------
     0 | D:1      | bearlyready the Ogre Gladiator began the quest for the Orb.
     0 | D:1      | Reached XP level 1. HP: 22/22 MP: 1/1
   171 | D:1      | Reached XP level 2. HP: 29/29 MP: 2/2
   814 | D:1      | Reached XP level 3. HP: 36/36 MP: 3/3
  1071 | D:1      | Found a faded altar of an unknown god.
  1977 | D:2      | Reached XP level 4. HP: 39/44 MP: 4/4
  2299 | D:2      | Found a sparkling altar of Nemelex Xobeh.
  2497 | D:3      | Noticed Terence
  2502 | D:3      | Killed Terence
  2856 | D:3      | Reached skill level 5 in Maces & Flails
  2981 | D:3      | Reached XP level 5. HP: 43/50 MP: 5/5
  3746 | D:4      | Found a transporter.
  3837 | D:4      | Noticed Moogle's ghost (amateur OpBr)
  3894 | D:4      | Found a transporter.
  3922 | D:4      | Noticed a phantom
  3963 | D:3      | Gained mutation: Your magical capacity is low. (-10% MP)
                  | [potion of mutation]
  3963 | D:3      | Gained mutation: Your flesh is cold resistant. (rC+)
                  | [potion of mutation]
  3963 | D:3      | Gained mutation: You have large cloven feet. [potion of
                  | mutation]
  3966 | D:3      | Killed a phantom
  3967 | D:3      | Reached XP level 6. HP: 22/59 MP: 5/5
  4400 | D:4      | Found a staircase to the Ecumenical Temple.
  4426 | Temple   | Entered the Ecumenical Temple
  4599 | Temple   | Became a worshipper of Ashenzari the Shackled
  4648 | D:4      | Noticed a necrophage
  5573 | D:3      | Killed a necrophage
  5574 | D:3      | Reached XP level 7. HP: 29/66 MP: 6/6
  5781 | D:4      | Noticed Sigmund
  5789 | D:4      | Identified the +9 falchion of the Fifty Underlurkers
                  | {vorpal, rF+ rCorr Dex+4}
  5795 | D:4      | Killed Sigmund
  6239 | D:5      | Entered Level 5 of the Dungeon
  6257 | D:5      | Found a shimmering altar of Xom.
  6258 | D:5      | Found an ornate altar of the Wu Jian Council.
  6419 | D:5      | Reached XP level 8. HP: 62/74 MP: 7/7
  7009 | D:5      | Found a runed translucent door.
  7010 | D:5      | Noticed Crazy Yiuf
  7068 | D:5      | Noticed Pikel
  7548 | D:5      | Killed Pikel
  7549 | D:5      | Reached skill level 4 in Fighting
  7549 | D:5      | Reached skill level 5 in Throwing
  7925 | D:5      | Reached skill level 5 in Fighting
  8344 | D:5      | Reached XP level 9. HP: 65/88 MP: 8/8
  8693 | D:5      | Killed Crazy Yiuf
  8934 | D:6      | Noticed Blork the orc
  8954 | D:5      | Reached * piety under Ashenzari
  8966 | D:6      | Killed Blork the orc
  9033 | D:6      | Reached skill level 1 in Evocations
  9152 | D:6      | Reached skill level 6 in Fighting
  9181 | D:6      | Reached skill level 1 in Armour
  9517 | D:6      | Noticed Maggie
 10249 | D:6      | Killed Maggie
 10414 | D:6      | Reached ** piety under Ashenzari
 10571 | D:6      | Found Kuaran's Book Boutique.
 11060 | D:7      | Identified the +7 hunting sling of Termination {venom,
                  | Will+ SInv}
 11105 | D:7      | Learned a level 3 spell: Swiftness
 11261 | D:7      | Reached skill level 7 in Fighting
 11272 | D:7      | Noticed Menkaure
 11277 | D:7      | Killed Menkaure
 11413 | D:7      | Reached skill level 1 in Spellcasting
 11413 | D:7      | Reached XP level 10. HP: 46/106 MP: 11/11
 11917 | D:7      | Reached *** piety under Ashenzari
 12341 | D:7      | Found an iron altar of Okawaru.
 13038 | D:8      | Reached **** piety under Ashenzari
 13605 | D:8      | Found a sacrificial altar of Ru.
 14139 | D:9      | Reached skill level 8 in Fighting
 14377 | D:9      | Found an ancient bone altar of Kikubaaqudgha.
 14633 | D:9      | Found an opulent altar of Gozag.
 14920 | D:9      | Noticed a two-headed ogre
 14948 | D:9      | Killed a two-headed ogre
 14949 | D:9      | Reached skill level 9 in Fighting
 14949 | D:9      | Reached skill level 10 in Maces & Flails
 15356 | D:10     | Entered Level 10 of the Dungeon
 15356 | D:10     | Found Lexauqod's Book Shoppe.
 15923 | D:10     | Found a staircase to the Orcish Mines.
 16053 | D:10     | Found a large runed translucent door.
 16053 | D:10     | Found a large runed translucent door.
 16063 | D:10     | Found a large runed translucent door.
 16063 | D:10     | Found a large runed translucent door.
 16065 | D:10     | Noticed a deep elf pyromancer
 16065 | D:10     | Noticed a tengu warrior
 16065 | D:10     | Identified the ring "Qarot" {Fire rElec}
 16105 | D:10     | Noticed a two-headed ogre
 16123 | D:10     | Killed a two-headed ogre
 16124 | D:10     | Reached skill level 5 in Evocations
 16124 | D:10     | Reached XP level 11. HP: 115/127 MP: 14/14
 16541 | D:10     | Identified the ring "Zokhlacvi" {rPois Will+ rCorr}
 16557 | D:10     | Reached skill level 10 in Fighting
 16947 | D:10     | Noticed an ogre mage
 17460 | D:10     | Killed an ogre mage
 17542 | D:10     | Noticed Psyche
 17551 | D:10     | Killed Psyche
 18428 | D:11     | Reached skill level 11 in Fighting
 19012 | D:11     | Noticed a manticore
 19020 | D:11     | Killed a manticore
 19395 | D:11     | Reached XP level 12. HP: 112/140 MP: 14/14
 19553 | D:11     | Found Cosim's Magic Scroll Boutique.
 19558 | D:11     | Bought a scroll of blinking for 112 gold pieces
 19558 | D:11     | Bought a scroll of teleportation for 45 gold pieces
 19558 | D:11     | Bought a scroll of enchant weapon for 112 gold pieces
 19558 | D:11     | Bought a scroll of teleportation for 45 gold pieces
 19558 | D:11     | Bought a scroll of fog for 30 gold pieces
 19854 | D:11     | Found a staircase to the Lair.
 19971 | D:12     | Found Tisoam's Distillery.
 19988 | D:12     | Noticed Kirke
 20015 | D:12     | Reached skill level 12 in Fighting
 20048 | D:12     | Killed Kirke
 20569 | D:12     | Noticed a boulder beetle
 20585 | D:12     | Killed a boulder beetle
 20770 | D:12     | Noticed a two-headed ogre
 20777 | D:12     | Killed a two-headed ogre
 20871 | D:12     | Reached skill level 13 in Fighting
 21816 | D:12     | Bought a potion of curing for 51 gold pieces
 21816 | D:12     | Bought a potion of curing for 51 gold pieces
 21816 | D:12     | Bought 2 potions of heal wounds for 170 gold pieces
 21919 | D:13     | Identified the +0 robe of Agoraphobia {+Blink rC+ rCorr
                  | MP-9}
 21966 | D:13     | Identified the +1 scale mail of Apathy {-Cast Str+6 Dex+2
                  | Stlth-}
 21989 | D:13     | Noticed a tengu warrior
 22015 | D:13     | Noticed a boulder beetle
 22037 | D:12     | HP: 4/141 [boulder beetle (16)]
 22040 | D:12     | Killed a boulder beetle
 22862 | Lair:1   | Entered Level 1 of the Lair of Beasts
 22889 | Lair:1   | Reached XP level 13. HP: 137/150 MP: 14/14
 22900 | Lair:1   | Noticed Grum
 23490 | Lair:1   | Killed Grum
 23523 | Lair:1   | Reached skill level 14 in Fighting
 24271 | Lair:2   | Reached ***** piety under Ashenzari
 25122 | Lair:2   | Found a staircase to the Swamp.
 25998 | Lair:3   | Reached skill level 15 in Fighting
 26846 | Lair:3   | Reached XP level 14. HP: 65/169 MP: 16/16
 26850 | Lair:3   | Reached skill level 16 in Fighting
 28172 | Lair:4   | Found a staircase to the Snake Pit.
 28317 | Lair:4   | Identified the +0 robe "Unip" {+Inv rElec Will+ Int+2}
 29331 | Lair:4   | Noticed a dire elephant
 29357 | Lair:4   | Killed a dire elephant
 29385 | Lair:4   | Reached skill level 17 in Fighting
 30718 | Lair:5   | Reached skill level 5 in Dodging
 31118 | Lair:5   | Reached XP level 15. HP: 182/182 MP: 16/16
 31359 | Lair:5   | Found a runed translucent door.
 31361 | Lair:5   | Found a viscous altar of Jiyva.
 31361 | Lair:5   | Found a staircase to the Slime Pits.
 31441 | Lair:6   | Entered Level 6 of the Lair of Beasts
 32479 | Lair:6   | Reached skill level 15 in Maces & Flails
 32508 | Lair:6   | Reached skill level 18 in Fighting
 33187 | Lair:6   | Found a large runed translucent door.
 33188 | Lair:6   | Found a large runed translucent door.
 33670 | Lair:6   | Identified the ring of the Omega Point {rCorr AC+4 Stlth+}
 36818 | D:13     | Identified the +1 robe "Piucamm" {-Tele Fly Dex+4}
 36882 | D:13     | Identified the +0 ring mail of the Spheres {rC++}
 37537 | D:13     | Reached XP level 16. HP: 150/195 MP: 17/17
 37576 | D:13     | Reached skill level 19 in Fighting
 38334 | D:15     | Entered Level 15 of the Dungeon
 39247 | D:15     | Found a staircase to the Depths.
 39882 | D:14     | Reached skill level 20 in Fighting
 40165 | D:14     | Reached skill level 10 in Evocations
 40313 | D:14     | Identified Roxanne's Catalogue of the Rocks
 40313 | D:14     | Noticed Roxanne
 40400 | D:14     | Killed Roxanne
 40797 | D:14     | Found a gate to the Vaults.
 41350 | D:4      | Killed Moogle's ghost
 41505 | Orc:1    | Entered Level 1 of the Orcish Mines
 41864 | Orc:1    | Identified a scroll of acquirement
 41996 | Orc:1    | Acquired 374 gold pieces
 42380 | Orc:2    | Entered Level 2 of the Orcish Mines
 42453 | Orc:2    | Found a dark tunnel.
 42458 | Volcano  | Entered a volcano
 42859 | Volcano  | Found a burning altar of Makhleb.
 43978 | Orc:2    | Reached skill level 5 in Armour
 44064 | Orc:2    | Reached XP level 17. HP: 118/208 MP: 18/18
 44968 | Orc:2    | Found Ubeliog's General Store.
 44972 | Orc:2    | Found Zionwuw's Antique Armour Boutique.
 44973 | Orc:2    | Found Vopsaus's Antique Weapon Boutique.
 44974 | Orc:2    | Found Lisaysel's Jewellery Shop.
 44989 | Orc:2    | Bought a runed giant spiked club for 161 gold pieces
 45097 | Orc:2    | Found a staircase to the Elven Halls.
 45256 | Swamp:1  | Entered Level 1 of the Swamp
 45273 | Swamp:1  | HP: 10/210 [acid (10)]
 46155 | Swamp:1  | Identified the +3 leather armour of the Salmon {rF+ Int+4
                  | Slay-4}
 46162 | Swamp:1  | Reached skill level 21 in Fighting
 47323 | Swamp:2  | Noticed a tentacled monstrosity
 47326 | Swamp:2  | Killed a tentacled monstrosity
 47825 | Swamp:2  | HP: 3/211 [bunyip[a spriggan druid] (21)]
 47825 | Swamp:2  | Demolished by a bunyip

Illustrated notes

Levels and vault maps discovered:
D:1:      dpeg_arrival_rhombus, layout_loops_ring,
          shapermc_ecumenical_altar_hornbeckon, chequers_serial_rivers_large_a,
          minmay_indecisive_spiral
D:2:      layout_loops_ring, basic_altar, minmay_pentomino_p4
D:3:      layout_basic, uniq_terence
D:4:      layout_cave_pools, minmay_temple_entry_stoned_glass,
          gammafunk_ghost_arena, uniq_sigmund
D:5:      minmay_octagon_keep, layout_rooms, gammafunk_temple_overflow_pools,
          uniq_pikel, uniq_crazy_yiuf_cottage
D:6:      layout_loops_corners, serial_shops, shop, uniq_maggie,
          uniq_blork_the_orc
D:7:      layout_loops_ring, mainiacjoe_overflow_alcove_4, uniq_menkaure
D:8:      layout_loops_ring, nicolae_ru_path_of_blood
D:9:      layout_cave_pods, mainiacjoe_overflow_concentric_impassable,
          lemuel_mausoleum_altar_kikubaaqudgha
D:10:     layout_roguey, hiddenorc2_lemuel, serial_shops, nicolae_stop_n_shop_1,
          dk_noncrumbling_4, minmay_misc_feat_plants,
          minmay_hollow_rounded_squares, uniq_psyche
D:11:     layout_cave_pools, grunt_lair_entry_orc_guard_hut, serial_shops,
          kennysheep_little_box
D:12:     minmay_recursive_quarters, layout_rooms, serial_shops,
          nicolae_inconvenience_store, uniq_kirke
D:13:     minmay_the_grid_square_5x5_5x5 [minmay_the_grid_square_5x5_seven,
          minmay_the_grid_square_5x5_intrusive_squares,
          minmay_the_grid_square_5x5_checkered_statues,
          minmay_the_grid_square_5x5_two_walls_b,
          minmay_the_grid_square_5x5_checkered,
          minmay_the_grid_square_5x5_two_small,
          minmay_the_grid_square_5x5_prize_snowflake,
          minmay_the_grid_square_5x5_doubleslash,
          minmay_the_grid_square_5x5_prize_waves,
          minmay_the_grid_square_5x5_shrine1,
          minmay_the_grid_square_5x5_misaligned,
          minmay_the_grid_square_5x5_bridge,
          minmay_the_grid_square_5x5_prize_open,
          minmay_the_grid_square_5x5_six_small,
          minmay_the_grid_square_5x5_lines, minmay_the_grid_square_5x5_n,
          minmay_the_grid_square_5x5_prize_rear_guard,
          minmay_the_grid_square_5x5_mess,
          minmay_the_grid_square_5x5_prize_itemx,
          minmay_the_grid_square_5x5_slash, minmay_the_grid_square_5x5_inner_v,
          minmay_the_grid_square_5x5_corner, minmay_the_grid_square_5x5_plus,
          minmay_the_grid_square_5x5_three_walls,
          minmay_the_grid_square_5x5_two_walls_a], layout_cave_pools
D:14:     layout_rooms, grunt_vaults_entry_tiered, chequers_jeans, uniq_roxanne
D:15:     hangedman_depths_entry_civil_slaughter, layout_basic
Temple:   nicolae_temple_elliptical
Lair:1:   layout_gridlike, beast_lair_carwin_11, grunt_megastairs_5, uniq_grum
Lair:2:   layout_small_grid, minmay_swamp_entry_worms,
          minmay_lair_oklob_chamber, serial_bayou_shore_b,
          infiniplex_staircase_pool
Lair:3:   dragon1_lemuel, layout_regular_city
Lair:4:   nzn_winding_woodlands_stair_trap [nzn_winding_woodlands_5x15_cabin,
          nzn_winding_woodlands_5x15_zeroes, nzn_winding_woodlands_5x15_parted,
          nzn_winding_woodlands_15x15_thick_spiral,
          nzn_winding_woodlands_5x15_default,
          nzn_winding_woodlands_5x15_crooked,
          nzn_winding_woodlands_5x15_pathside_ponds], layout_gridlike,
          guppyfry_snake_entry_island, gammafunk_lair_bear_cave
Lair:5:   layout_cave_pods, slime_altar_2
Lair:6:   cheibrodos_lair_end_hotspot, layout_hall_layers, lemuel_fruit_tree
Swamp:1:  layout_basic_swamp, evilmike_swamp_ruin_rubble_2
Swamp:2:  layout_basic_swamp, evilmike_swamp_ruin_house_1, swamp_pool5,
          nicolae_swamp_spriggan_camp
Swamp:3:  cheibrodos_swamp_monstrosity, layout_basic_swamp, serial_swamp_ruin,
          evilmike_swamp_ruin_house_6, evilmike_swamp_ruin_house_4
Orc:1:    layout_caves, minmay_orc_keep
Orc:2:    st_orc_congregation, layout_diamond_mine, enter_volcano_4,
          library_closet

Skill      XL: |  1  2  3  4  5  6  7  8  9 10 11 12 13 14 15 16 17 |
---------------+----------------------------------------------------+-----
Maces & Flails | 3 4 5 7 8 9 10 11 12 13 14 15 16 | 16.5
Throwing       | 4 5 6 7 8 9 |  9.2
Fighting       | 5 7 9 11 13 15 17 18 20 21 | 21.4
Evocations     | 2 5 6 8 9 10 | 10.8
Armour         | 2 4 5 6 |  6.0
Dodging        | 3 5 8 9 |  9.3
Spellcasting   | 1 |  1.0

Action                   |  1- 3 |  4- 6 |  7- 9 | 10-12 | 13-15 | 16-18 || total
-------------------------+-------+-------+-------+-------+-------+-------++-------
Melee: Flail             |    87 |   165 |   302 |   278 |       |       ||   832
       Kick              |       |    19 |    98 |   238 |   501 |   264 ||  1120
       Morningstar       |       |       |       |   451 |  1288 |   703 ||  2442
       Punch             |       |       |       |     4 |     8 |     4 ||    16
       Giant spiked club |       |       |       |       |       |    98 ||    98
Throw: Throwing net      |       |     9 |     1 |     3 |       |       ||    13
       Dart              |       |     2 |    36 |    41 |     2 |       ||    81
       Stone             |       |       |     9 |     8 |       |       ||    17
       Boomerang         |       |       |       |    25 |    68 |    53 ||   146
       Large rock        |       |       |       |       |       |     4 ||     4
Invok: Curse Item        |       |       |     3 |     4 |     3 |       ||    10
       Shatter the Chain |       |       |       |     3 |       |     2 ||     5
Evoke: Phantom mirror    |       |       |     1 |     2 |       |       ||     3
       Wand              |       |       |       |    21 |    14 |    14 ||    49
       Condenser vane    |       |       |       |     3 |     4 |     3 ||    10
       Box of beasts     |       |       |       |       |     1 |     3 ||     4
       Tin of tremorston |       |       |       |       |       |     5 ||     5
  Use: Potion            |       |     5 |     2 |     3 |     2 |     3 ||    15
       Scroll            |       |       |     1 |     4 |     4 |    12 ||    21
 Stab: Held in net/web   |       |     2 |       |     1 |       |       ||     3
       Distracted        |       |       |       |       |     2 |     1 ||     3
       Paralysed         |       |       |       |       |       |     3 ||     3
Armor: Robe              |    27 |    55 |    59 |    65 |       |       ||   206
       Skin              |       |     5 |       |       |       |       ||     5
       Swamp dragon scal |       |       |       |   310 |   708 |   396 ||  1414
Dodge: Dodged            |    43 |    95 |   138 |   374 |   560 |   421 ||  1631
